 Dungeon Crawl Stone Soup version 0.29-a0-384-g6960b1960d (webtiles) character file.

Game seed: 5628723481533721826

194 holysushi the Skirmisher (level 5, 0/59 HPs)
             Began as an Ogre Chaos Knight on May 7, 2022.
             Was a Plaything of Xom.
             Slain by a worm (11 damage)
             ... on level 3 of the Dungeon.
             The game lasted 00:03:42 (3452 turns).

holysushi the Skirmisher (Ogre Chaos Knight)        Turns: 3452, Time: 00:03:42

Health: 0/59       AC:  5    Str: 16    XL:     5   Next: 73%
Magic:  5/5        EV:  9    Int: 13    God:    Xom [.*....]
Gold:   246        SH:  0    Dex:  8    Spells: 4/4 levels left

rFire   . . .      SeeInvis .   a - +0 mace (chaos)
rCold   . . .      Faith    .   (no shield)
rNeg    . . .      Spirit   .   b - +2 robe
rPois   .          Reflect  .   (helmet restricted)
rElec   .          Harm     .   (no cloak)
rCorr   .          Rampage  .   (gloves unavailable)
Will    .....                   (boots unavailable)
Stlth   +.........              (no amulet)
HPRegen 0.19/turn               (no ring)
MPRegen 0.09/turn               (no ring)

@: no status effects
A: large, unfitting armour, tough skin 1, clumsy 1
a: Renounce Religion


You were on level 3 of the Dungeon.
You worshipped Xom.
You were a plaything of Xom.
You visited 1 branch of the dungeon, and saw 3 of its levels.

You collected 295 gold pieces.
You spent 49 gold pieces at shops.

Inventory:

Hand Weapons
 a - a +0 mace of chaos (weapon)
Armour
 b - a +2 robe (worn)
Jewellery
 g - a ring of poison resistance
 n - an amulet of regeneration
Wands
 e - a wand of digging (6)
Scrolls
 h - a scroll of vulnerability {unknown}
 j - a scroll of poison {unknown}
 l - a scroll of teleportation {unknown}
 o - a scroll of brand weapon {unknown}
 p - 2 scrolls of enchant armour
Potions
 d - 4 potions of curing
 f - a potion of heal wounds {unknown}
 i - a potion of mutation {unknown}
 k - a potion of might {unknown}
 m - a potion of invisibility {unknown}
 q - a potion of attraction {unknown}
Miscellaneous
 c - a piece from Xom's chessboard (15/15) (quivered)


   Skills:
 + Level 5.7 Fighting
 * Level 4.9 Maces & Flails
 - Level 2.1 Dodging


You had 4 spell levels left.
You didn't know any spells.
Your spell library contained the following spells:

 Spells                   Type           Power      Damage    Failure   Level
 Conjure Flame            Conj/Fire      0%         6-21      67%         3
 Ignite Poison            Fire/Tmut/Pois 0%         N/A       67%         3
 Sticky Flame             Conj/Fire      0%         2d3       97%         4


Dungeon Overview and Level Annotations

Branches:
Dungeon (3/15)

Altars:

Shops:
D:1 *


Innate Abilities, Weirdness & Mutations

You are too large for most types of armour.
You have tough skin. (AC +1)
You are clumsy. (Dex -2)


Message History

A frilled lizard is nearby!
You barely miss the frilled lizard. The frilled lizard misses you.
You hit the frilled lizard.
The frilled lizard seems to slow down.
You freeze the frilled lizard.
You kill the frilled lizard!
A worm comes into view.
You thump the worm!
The worm goes berserk!
The worm is moderately wounded.
The worm bites you!
You completely miss the worm.
The worm is moderately wounded.
The worm bites you!
You hit the worm but do no damage.
The worm is moderately wounded.
The worm barely misses you.
You hit the worm. You burn the worm.
The worm is heavily wounded.
The worm bites you.
You hit the worm.
The worm is heavily wounded.
The worm barely misses you.
You hit the worm but do no damage.
The worm is heavily wounded.
The worm bites you!
You hit the worm. You burn the worm.
The worm is severely wounded.
The worm bites you!
You sock the worm!
The worm suddenly seems more agile.
Xom is highly amused!
The worm is almost dead.
The worm bites you!
* * * LOW HITPOINT WARNING * * *
You barely miss the worm.
The worm is almost dead.
The worm bites you.
* * * LOW HITPOINT WARNING * * *
Unknown command.
You feel better. The worm bites you!
You die... "I guess I need a new plaything now."

* * #.#..# #..,** ,
*,* #.##.##.#,*,## *
*, *,* #.#....#*,##.#
* ,,, ,,, ,* #......#*
...# *, * , , *
**###....####..#
****,**,,,
,,.......#)......<..
*,* **,
*,#####.#.#..#....#***
,* * *,*
#.##.#.####w####.# *
**, , #
###....@........ * ,
######.......# * , *
######...,* , ..


You could see a worm (berserk, agile).

Vanquished Creatures
  Jessica (D:2)
  Terence (D:2)
  Robin (D:2)
  A gnoll (D:1)
  5 adders
  3 dart slugs
  2 worms (D:2)
  9 endoplasms
  A giant cockroach (D:1)
  13 goblins
  6 hobgoblins
  4 kobolds
  A quokka (D:3)
  8 ball pythons
  4 bats
  9 frilled lizards
  A rat (D:1)
70 creatures vanquished.

Vanquished Creatures (others)
  4 plants (D:1)
4 creatures vanquished.

Grand Total: 74 creatures vanquished

Notes
Turn   | Place    | Note
-------+----------+-------------------------------------------
     0 | D:1      | holysushi the Ogre Chaos Knight began the quest for the
                  | Orb.
     0 | D:1      | Reached XP level 1. HP: 24/24 MP: 1/1
   112 | D:1      | XOM: cast spell 'Summon Small Mammal'
   270 | D:1      | Reached XP level 2. HP: 31/32 MP: 2/2
   300 | D:1      | XOM: 7-stop teleportation journey
   465 | D:1      | XOM: smoke on damage
   809 | D:1      | XOM: silly message
   820 | D:1      | Found Minotz's Assorted Antiques.
   829 | D:1      | Reached XP level 3. HP: 37/40 MP: 3/3
   838 | D:1      | Bought a grey potion for 23 gold pieces
   838 | D:1      | Bought a scroll labelled CEFOG NUGRE for 26 gold pieces
  1034 | D:1      | XOM: noise
  1191 | D:2      | Noticed Jessica
  1207 | D:2      | Killed Jessica
  1208 | D:2      | Reached XP level 4. HP: 4/49 MP: 4/4
  1300 | D:1      | XOM: divination: detect creatures
  1493 | D:2      | Reached skill level 5 in Fighting
  1701 | D:2      | Noticed Terence
  1790 | D:2      | Killed Terence
  1813 | D:2      | XOM: god gift: jewelled iron wand {god gift}
  1860 | D:2      | XOM: scenery: 1 doors close
  1942 | D:2      | XOM: give mutation
  1942 | D:2      | Gained mutation: You are clumsy. (Dex -2) [Xom's mischief]
  1991 | D:2      | XOM: chaos upgrade
  2005 | D:2      | Reached XP level 5. HP: 47/57 MP: 5/5
  2096 | D:2      | Noticed Robin
  2124 | D:2      | XOM: scenery: summon butterflies
  2345 | D:2      | Killed Robin
  2561 | D:2      | XOM: confusion
  3203 | D:3      | XOM: noise
  3405 | D:3      | XOM: divination: magic mapping
  3415 | D:3      | XOM: noise
  3452 | D:3      | Slain by a worm

Illustrated notes

Levels and vault maps discovered:
D:1:      psy_arrival_radial01, layout_loops_corners, serial_shops, shop_statue,
          serial_bayou_lake_a
D:2:      minmay_door_path, layout_basic, uniq_robin, uniq_jessica, uniq_terence
D:3:      layout_loops_ring, hangedman_ru_absence,
          shapermc_ecumenical_altar_totnotflames

Skill      XL: |  1  2  3  4 |
---------------+-------------+-----
Maces & Flails | 3 4 |  4.9
Fighting       | 5 |  5.7
Dodging        | |  2.1

Action                   |  1- 3 |  4- 6 || total
-------------------------+-------+-------++-------
Melee: Mace              |    86 |   143 ||   229
       Punch             |       |     1 ||     1
  Use: Scroll            |     2 |       ||     2
       Potion            |       |     1 ||     1
 Stab: Sleeping          |     1 |       ||     1
       Paralysed         |     1 |       ||     1
Armor: Robe              |    21 |    87 ||   108
Dodge: Dodged            |    48 |    94 ||   142

Table legend: (Time is in decaauts)
 A = Elapsed time spent in this place.
 B = Non-inter-level travel time spent in this place.
 C = Inter-level travel time spent in this place.
 D = Time resting spent in this place.
 E = Time spent auto-exploring this place.
 F = Levels seen in this place.
 G = Mean time per level.
                   A        B        C        D        E       F      G
               +--------+--------+--------+--------+--------+-----+--------+
         Total |   3540 |   3509 |     31 |   1035 |   1692 |   3 | 1180.0 |
       Dungeon |   3540 |   3509 |     31 |   1035 |   1692 |   3 | 1180.0 |
               +--------+--------+--------+--------+--------+-----+--------+

Top non-repeatable levels by time:
     D:1: 1647 daAuts
     D:2: 1491 daAuts
     D:3: 401 daAuts
